 Dungeon Crawl Stone Soup version 0.30.1-9-gdf580d7c3d (webtiles) character file.

Game seed: 4652083999314949359

85 lonewolfV2 the Shield-Bearer (level 4, -3/37 HPs)
             Began as a Formicid Fighter on Oct 11, 2023.
             Killed by divine providence
             ... invoked by an orc priest
              (16 damage)
             ... on level 3 of the Dungeon.
             The game lasted 00:03:42 (1816 turns).

lonewolfV2 the Shield-Bearer (Formicid Fighter)     Turns: 1816, Time: 00:03:43

Health: -3/37      AC: 11    Str: 20    XL:     4   Next: 75%
Magic:  4/4        EV: 10    Int:  8    God:
Gold:   150        SH:  6    Dex: 15    Spells: 3/3 levels left

rFire   . . .        a - +0 war axe
rCold   . . .        c - +1 buckler
rNeg    . . .        i - +4 scale mail "Xemoiklu" {Rampage +Blink}
rPois   .            (helmet unavailable)
rElec   .            (no cloak)
rCorr   .            (no gloves)
SInv    +            (no boots)
Will    .....        (no amulet) Stlth
                     (no ring)
HPRegen 0.26/turn    (no ring)
MPRegen 0.09/turn

%: rampage
@: no status effects
A: permanent stasis, dig shafts and tunnels, antennae 3, four strong arms
a: Dig, Shaft Self


You were on level 3 of the Dungeon.
You visited 1 branch of the dungeon, and saw 3 of its levels.

You collected 150 gold pieces.

Inventory:

Hand Weapons
 a - a +0 war axe (weapon)
Armour
 b - a +0 scale mail
 c - a +1 buckler (worn)
 i - the +4 scale mail "Xemoiklu" (worn) {Rampage +Blink}
   (You found it on level 2 of the Dungeon)

   +Blink:    It lets you blink.
   Rampage:   It bestows one free step when moving towards enemies.
Scrolls
 k - a scroll of fog
 l - a scroll of vulnerability
Potions
 d - a potion of might
 m - a potion of heal wounds
 n - a potion of invisibility
 o - a potion of haste
 r - a potion of mutation
 s - a potion of cancellation


   Skills:
 + Level 3.7 Fighting
 + Level 3.3 Axes
 + Level 3.7 Armour
 + Level 1.4 Dodging
 + Level 4.2 Shields


You had 3 spell levels left.
You didn't know any spells.
Your spell library contained the following spells:

 Spells                   Type           Power      Damage    Failure   Level
 Necrotise                Necr           0%         1d4       83%         1
 Summon Small Mammal      Summ           0%         N/A       83%         1
 Call Canine Familiar     Summ           0%         N/A       99%         3
 Ignite Poison            Fire/Tmut/Pois 0%         N/A       99%         3
 Summon Guardian Golem    Hex/Summ       0%         N/A       99%         3
 Vampiric Draining        Necr           0%         2d6       99%         3
 Sticky Flame             Conj/Fire      0%         2d3       100%        4
 Agony                    Necr           0%         N/A       100%        5
 Ignition                 Fire           0%         3d3       100%        8


Dungeon Overview and Level Annotations

Branches:
Dungeon (3/15)

Altars:


Innate Abilities, Weirdness & Mutations

You cannot be hasted, slowed, berserked, paralysed or teleported.
You can dig through walls and to a lower floor.
You have a pair of large antennae on your head. (SInv)
Your four strong arms can wield two-handed weapons with a shield.


Message History

You hit the orc priest. You closely miss the orc. You hit the orc.
You block the orc's attack. The orc barely misses you.
The orc hits you with a +0 club.
The orc priest calls upon Beogh to heal the orc.
The orc's wounds heal themselves!
The orc completely misses you.
The orc priest calls down the wrath of Beogh upon you.
Beogh smites you!
* * * LOW HITPOINT WARNING * * *
You block the orc's attack. x2
You barely miss the orc. x2
You hit the orc priest but do no damage.
You barely miss the orc. The orc hits you but does no damage.
The orc priest closely misses you. The orc closely misses you.
The orc hits you but does no damage.
You feel better. The orc barely misses you. You block the orc's attack. x2
The orc priest hits you but does no damage.
You barely miss the orc priest.
The orc priest is lightly wounded.
You barely miss the orc. You slash the orc!
You kill the orc!
You closely miss the orc. The orc priest barely misses you.
You block the orc's attack. The orc misses you.
You hit the orc priest.
The orc priest is lightly wounded.
You hit the orc.
You kill the orc!
You hit the orc.
You kill the orc!
The orc priest barely misses you.
The orc priest calls down the wrath of Beogh upon you.
You barely resist. You closely miss the orc priest.
The orc priest is lightly wounded.
The orc priest hits you but does no damage.
You hit the orc priest but do no damage.
The orc priest is lightly wounded.
The orc priest barely misses you.
The orc priest calls down the wrath of Beogh upon you.
Beogh smites you!
You die...

*,,,* *,,,...,,,,,,,,,,,,** *,,,*
**,*#.#**,**,*,*,,,**
****,,,**##,*#.###,##,*,*,,,**
****,,,,,,,,,..##...,,.,,.,,,,,,,
,,,,,,,,,,,,,,,....#*.##.*,*,,,,,
*****,,,,.###,**#.:#....,,,,,,,,,
,,,,,,,,,,....,*#..#..#*,<,*,,***
*****,,,,.###..##))#..#***,*,*,,,
,,,,,,,,,......)@)....# **,,**,,
,,,,,,,,,.###..##o.#..# *,,**,,
,,,,,,,,,,............####♣,,,***
*****,,,*.###.....†.......♣,,**,,
****,,,,,............####♣.*,***
**,,,,,,*.###...#..........♣**,,,
,,,,,,,,,.........†.)...##..,,,,,
**,**,,,,...................,,**,
**,**,,,,.......†<..^.......,,**,


You could see an orc priest.

Vanquished Creatures
  4 adders (D:2)
  A dart slug (D:2)
  4 orcs (D:3)
  3 endoplasms
  5 hobgoblins
  3 quokkas
  4 bats
  3 frilled lizards
  7 goblins
  5 kobolds
  8 rats
47 creatures vanquished.

Notes
Turn   | Place    | Note
-------+----------+-------------------------------------------
     0 | D:1      | lonewolfV2 the Formicid Fighter began the quest for the
                  | Orb.
     0 | D:1      | Reached XP level 1. HP: 18/18 MP: 1/1
   123 | D:1      | Reached XP level 2. HP: 24/24 MP: 2/2
   586 | D:2      | Reached XP level 3. HP: 29/29 MP: 3/3
   740 | D:2      | Identified the +4 scale mail "Xemoiklu" {Rampage +Blink}
  1030 | D:2      | Found a faded altar of an unknown god.
  1351 | D:2      | Reached skill level 1 in Dodging
  1459 | D:2      | Reached XP level 4. HP: 36/36 MP: 4/4
  1816 | D:3      | Killed from afar by an orc priest

Illustrated notes

Levels and vault maps discovered:
D:1:      scummos_arrival_gate, layout_rooms, minmay_tromino_mix6
D:2:      layout_basic, shapermc_ecumenical_altar_notcrosses,
          minmay_door_square, dk_noncrumbling_2, minmay_puff
D:3:      layout_basic, grunt_dithmenos_smoke_and_mirrors, serial_forest,
          infiniplex_forest_lined_room_, infiniplex_forest_clump_medium,
          infiniplex_forest_3_way, infiniplex_forest_end_1,
          infiniplex_forest_lined_4_way, infiniplex_forest_straight_2

Skill      XL: |  1  2  3 |
---------------+----------+-----
Dodging        | 1 |  1.4
Axes           | 3 |  3.3
Fighting       | |  3.7
Armour         | |  3.7
Shields        | |  4.2

Action                     |  1- 3 |  4- 6 || total
---------------------------+-------+-------++-------
  Melee: War axe           |    81 |    36 ||   117
Ability: Dig               |     1 |       ||     1
    Use: Scroll            |     3 |    12 ||    15
         Potion            |       |     1 ||     1
 Armour: Scale mail        |    64 |    20 ||    84
  Dodge: Dodged            |    61 |    33 ||    94
  Block: Buckler           |    36 |    17 ||    53
